 Dungeon Crawl Stone Soup version 0.22-a0-429-g97ce8ef (webtiles) character file.

81 twist the Conjurer (level 4, -2/36 HPs)
             Began as a Naga Conjurer on May 25, 2018.
             Slain by an adder (3 damage)
             ... in a sewer.
             The game lasted 00:07:23 (2491 turns).

twist the Conjurer (Naga Conjurer)                  Turns: 2491, Time: 00:07:24

Health: -2/36      AC:  3    Str: 10    XL:     4   Next: 40%
Magic:  2/8        EV: 10    Int: 17    God:
Gold:   150        SH:  0    Dex: 11    Spells: 5/8 levels left

rFire    . . .     SeeInvis +   k - +1 short sword
rCold    + . .     Gourm    .   (no shield)
rNeg     . . .     Faith    .   a - +0 robe
rPois    +         Spirit   .   e - +0 helmet (curse)
rElec    .         Reflect  .   (no cloak)
rCorr    +         Harm     .   (no gloves)
MR       .....                  (no barding)
Stlth    ++........             s - amulet of inaccuracy (curse)
HPRegen  0.12/turn              g - ring of protection from cold
MPRegen  0.11/turn              o - ring of resist corrosion

@: lethally poisoned (-2 -> -4), very slow
A: large, see invisible, deformed body, poison resistance, slowness 2, slow
metabolism 1, spit poison 1, AC +1
a: Spit Poison


You were in a sewer.
You were not hungry.

You visited 1 branch of the dungeon, and saw 3 of its levels.
You also visited: Sewer.

You collected 150 gold pieces.

Inventory:

Hand Weapons
 f - a +0 blowgun
 k - a +1 short sword (weapon)
Missiles
 d - 3 needles of confusion
 h - 40 poisoned needles
 j - 4 tomahawks (quivered)
Armour
 a - a +0 robe (worn)
 e - a cursed +0 helmet (worn)
 q - a +0 cloak
 r - a +1 helmet
Jewellery
 g - a ring of protection from cold (left hand)
 o - a ring of resist corrosion (right hand)
 s - a cursed amulet of inaccuracy (around neck)
Scrolls
 m - a scroll of enchant weapon
 u - a scroll of immolation {unknown}
Potions
 b - a potion of invisibility
 i - a potion of haste
 l - 2 potions of curing
 n - a potion of flight
 p - a potion of ambrosia
 t - 2 potions of agility {unknown}
Comestibles
 c - 5 rations


   Skills:
 - Level 1.7 Dodging
 - Level 3.2 Stealth
 + Level 2.8 Spellcasting
 * Level 5.1 Conjurations


You had 5 spell levels left.
You knew the following spells:

 Your Spells              Type           Power        Failure   Level  Hunger
a - Magic Dart            Conj           ###.         2%          1    #......
b - Searing Ray           Conj           ###...       3%          2    ##.....

Your spell library contained the following spells:

 Spells                   Type           Power        Failure   Level  Hunger
 Iskenderun's Mystic Bla  Conj           ###.....     22%         4    #####..
 Spider Form              Tmut/Pois      #.........   47%         3    ###....
 Blade Hands              Tmut           #.........   99%         5    ######.
 Ice Form                 Ice/Tmut       #.......     87%         4    #####..
 Sticks to Snakes         Tmut           #.......     26%         2    ##.....
 Beastly Appendage        Tmut           #.....       19%         1    #......
 Fulminant Prism          Conj/Hex       ##........   52%         4    #####..
 Dazzling Spray           Conj/Hex       ##....       19%         3    ###....
 Force Lance              Conj/Tloc      ##......     52%         4    #####..


Dungeon Overview and Level Annotations

Branches:
Dungeon (3/15)

Altars:
Xom

Annotations:
D:2 1 runed door


Innate Abilities, Weirdness & Mutations

You cannot wear boots.
Your serpentine skin is tough. (AC +1)
You have supernaturally acute eyesight. (SInv)
Armour fits poorly on your strangely shaped body.
Your system is resistant to poisons. (rPois)
You cover ground very slowly.
You have a slow metabolism.
You can spit poison.


Message History

The adder is severely wounded.
The adder bites you.
* * * LOW HITPOINT WARNING * * *
The rat closely misses you.
You miss the adder.
The adder is severely wounded.
The adder closely misses you. The rat bites you.
* * * LOW HITPOINT WARNING * * *
The adder barely misses you.
Unknown command.
You miss the adder.
The adder is severely wounded.
* * * LOW HITPOINT WARNING * * *
You feel sick.
The rat twitches its whiskers.
The rat bites you but does no damage. The adder bites you but does no damage.
You miss the adder.
The adder is severely wounded.
The adder bites you.
You die...

≈≈≈≈≈≈..###∩#
≈≈≈≈≈≈..###.#
≈≈≈≈≈≈....#..#
S≈≈≈≈≈≈≈.....##
....≈≈≈≈≈.....#
...≈≈≈≈≈≈....##
...≈≈≈≈......##
...≈≈≈≈.....rr##
r...≈≈≈.....rS@##
...≈≈≈.......#..#
...≈≈≈≈.....###.#
††..≈≈......###∩#
#...≈≈.≈....†####
##..≈≈≈......##
#≈≈≈≈≈≈......#
#.≈≈≈≈≈≈......##
..r≈≈≈≈≈.......#


You could see an adder and 3 rats.

Vanquished Creatures
  A river rat (D:3)
  An adder (D:2)
  A worm (D:2)
  2 leopard geckos
  A ball python (Sewer)
  2 giant cockroaches
  5 goblins
  4 hobgoblins
  3 jackals (D:3)
  11 kobolds
  A quokka (D:2)
  6 bats
  5 frilled lizards
  18 rats
61 creatures vanquished.

Notes
Turn   | Place    | Note
-------+----------+-------------------------------------------
     0 | D:1      | twist the Naga Conjurer began the quest for the Orb.
     0 | D:1      | Reached XP level 1. HP: 15/15 MP: 3/3
   201 | D:1      | Reached XP level 2. HP: 22/22 MP: 3/5
   205 | D:1      | Learned a level 2 spell: Searing Ray
   922 | D:2      | Reached XP level 3. HP: 28/28 MP: 2/6
  1154 | D:2      | Found a shimmering altar of Xom.
  1408 | D:2      | Found a runed door.
  1959 | D:3      | Reached skill level 5 in Conjurations
  1959 | D:3      | Reached XP level 4. HP: 22/36 MP: 1/8
  1975 | D:3      | Found a glowing drain.
  1981 | Sewer    | Entered a sewer
  2490 | Sewer    | HP: 1/36 [poisoned by an adder]
  2491 | Sewer    | Slain by an adder

Vault maps used:
D:1:      dpeg_arrival_chambers_temple_mockup
D:2:      lemuel_doored_altar, nicolae_overflow_hidden_temple,
          uniq_crazy_yiuf_cottage
D:3:      gup_sewer_entry_bubbles, minmay_ogre_servants
Sewer:    sewer_minmay_treatment

Skill      XL: |  1  2  3 |
---------------+----------+-----
Conjurations   | 5 |  5.1
Dodging        | |  1.7
Stealth        | |  3.2
Spellcasting   | |  2.8

Action                   |  1- 3 |  4- 6 || total
-------------------------+-------+-------++-------
Melee: Short sword       |    34 |    21 ||    55
       Unarmed           |     8 |       ||     8
 Cast: Magic Dart        |    72 |    35 ||   107
       Searing Ray       |     1 |       ||     1
 Abil: Spit Poison       |     3 |       ||     3
  Use: Scroll            |    14 |       ||    14
  Eat: Chunk             |     3 |     2 ||     5
Armor: Robe              |    28 |    13 ||    41
Dodge: Dodged            |    47 |    32 ||    79

Table legend:
 A = Spawn XP
 B = Non-spawn XP
 C = Spawn XP percentage of total XP
 D = Spawn monster count
 E = Non-spawn monster count
 F = Spawn count percentage of total count
 G = Total turns spent on level
                    A         B        C        D         E        F      G
               +---------+---------+-------+---------+---------+-------+---------
         Total |       0 |     116 |   0.0 |       0 |      61 |   0.0 |  2491
               +---------+---------+-------+---------+---------+-------+---------
           D:1 |       0 |      21 |   0.0 |       0 |      16 |   0.0 |   727
           D:2 |       0 |      44 |   0.0 |       0 |      18 |   0.0 |  1060
           D:3 |       0 |      30 |   0.0 |       0 |      10 |   0.0 |   194
         Sewer |       0 |      21 |   0.0 |       0 |      17 |   0.0 |   510
               +---------+---------+-------+---------+---------+-------+---------
